AoeStats
← AxingQuestions

African Clearing

505345572Analyzed
4v4 RM · 23d ago on Sep 9, 2026· 31m 50s· 8 players
Game mode
Random Map
Map size
Large (8 player)
Population
200
Speed
Normal
Resources
Standard
Victory
Conquest
Starting age
Dark Age
Ending age
Imperial Age
RankedLock teamsTeams togetherTeam positionsShared explorationLock speedFull tech treeHidden civsTurbo modeCheats
Victory
Defeat
🇦🇺 Khitans · Australia
1362
+12
🇨🇦 Mongols · Canada
1294
+15
🇮🇹 Turks · Italy
1212
+19
🇺🇸 Franks · United States
1095
+24
🇺🇸 Muisca · United States
1292
-18
🇺🇸 Malay · United States
1277
-18
🇨🇦 Gurjaras · Canada
1266
-17
🇺🇸 Vikings · United States
1254
-17
AxingQuestions
3:47 Loom
13:26 Feudal Age
14:03 Double-Bit Axe
16:13 Fletching
16:16 Horse Collar
17:38 Padded Archer Armor
25:23 Gold Mining
27:51 Castle Age
27:51 Crossbowman
28:29 Bodkin Arrow
29:14 Leather Archer Armor
coke diet
6:17 Loom
13:00 Feudal Age
16:55 Castle Age
14:45 Double-Bit Axe
17:47 Horse Collar
24:56 Wheelbarrow
24:43 Scale Barding Armor
24:55 Bloodlines
24:52 Husbandry
30:13 Bow Saw
33:06 Imperial Age
bulbmusic5
6:10 Loom
15:40 Feudal Age
15:39 Double-Bit Axe
15:47 Fishing Lines
18:36 Wheelbarrow
20:11 Arson
21:33 Forging
26:46 Castle Age
24:40 Gold Mining
25:04 Fletching
26:17 Gillnets
25:53 Elite Skirmisher
26:01 Pikeman
26:42 Squires
27:32 Bow Saw
26:50 Man-at-Arms
27:31 Bodkin Arrow
28:38 Long Swordsman
31:39 Ballistics
32:00 Thumb Ring
issaLIONEL
13:37 Feudal Age
14:54 Double-Bit Axe
17:15 Castle Age
16:04 Loom
17:10 Fishing Lines
17:57 Fletching
20:15 Gillnets
23:57 Horse Collar
26:45 Bodkin Arrow
28:30 Padded Archer Armor
31:13 Wheelbarrow
31:05 Forging
31:14 Bow Saw
30:55 Gold Mining
HowAboutNot
5:24 Loom
11:55 Loom
15:29 Feudal Age
19:29 Castle Age
19:01 Scale Barding Armor
19:07 Forging
20:21 Wheelbarrow
20:38 Double-Bit Axe
28:37 Chain Barding Armor
28:25 Husbandry
31:54 Iron Casting
< Cobrander >
5:48 Loom
13:47 Feudal Age
14:46 Double-Bit Axe
20:08 Castle Age
18:17 Stone Mining
19:33 Horse Collar
21:27 Bloodlines
23:13 Fletching
27:00 Bodkin Arrow
27:11 Husbandry
28:35 Padded Archer Armor
Hemsy124
3:41 Loom
11:44 Feudal Age
13:15 Double-Bit Axe
14:36 Fletching
15:01 Forging
17:09 Scale Barding Armor
23:24 Castle Age
24:50 Iron Casting
24:35 Chain Barding Armor
24:42 Husbandry
27:18 Domestication
31:18 Bow Saw
32:31 Wheelbarrow
lillithadam20
10:58 Loom
13:54 Feudal Age
20:16 Castle Age
19:57 Scale Barding Armor
20:04 Forging
22:36 Scale Barding Armor
27:54 Wheelbarrow
Connection lost

Rejoining the realm…

Still unreachable

The connection could not be restored.

Session expired

The server has moved on; the page needs a fresh start.